 Dungeon Crawl Stone Soup version 0.25-a0-1119-g28b6fd0c3b (webtiles) character file.

Game seed: 5845634047158075084, levelgen mode: deterministic

3796 Esekla the Slasher (level 10, 0/145 HPs)
             Began as an Octopode Wizard on May 18, 2020.
             Was an Initiate of Gozag.
             Succumbed to an orange demon's poison
             ... in a bailey.
             The game lasted 01:13:04 (11288 turns).

Esekla the Slasher (Octopode Wizard)               Turns: 11288, Time: 01:13:05

Health: 0/145      AC: 25    Str:  8    XL:     10   Next: 16%
Magic:  12/18      EV:  2    Int: 25    God:    Gozag
Gold:   803        SH:  5    Dex: 14    Spells: 11/20 levels left

rFire    . . .     SeeInvis .   f - +0 falchion
rCold    . . .     Gourm    .   i - +0 buckler of Lohutserch {rCorr Int+4 Dex+2 Slay+2} (curse)
rNeg     + + +     Faith    .   (helmet currently unavailable)
rPois    +         Spirit   +   l - amulet of guardian spirit
rElec    .         Reflect  .   (no ring)
rCorr    +         Harm     .   (no ring)
MR       .....     NoTele   +   (no ring)
Stlth    ..........             (no ring)
HPRegen  0.34/turn              (no ring)
MPRegen  0.16/turn              (no ring)
                                (no ring)
                                (no ring)

@: berserking, lethally poisoned (0 -> -11), tree-form, gold aura, very slightly
contaminated, slow
A: almost no armour, stealthy swim, (amphibious), 8 rings, (constrict 8)
a: Potion Petition, Call Merchant, Bribe Branch, Renounce Religion


You were in a bailey.
You worshipped Gozag.
Gozag was pleased with you.
You were not hungry.
You were a tree.
You visited 1 branch of the dungeon, and saw 7 of its levels.
You also visited: Bailey.

You collected 1127 gold pieces.
You spent 277 gold pieces at shops.
You paid 47 gold pieces to Gozag.

Inventory:

Hand Weapons
 f - a +0 falchion (weapon)
 g - a +0 hunting sling of freezing
 p - a +0 vampiric short sword
 t - a +3 trident
 x - a +3 war axe
Missiles
 k - 5 boomerangs of dispersal (quivered)
Armour
 a - a +0 hat (melded)
 i - the cursed +0 buckler of Lohutserch (worn) {rCorr Int+4 Dex+2 Slay+2}
   (You found it on level 5 of the Dungeon)

   It affects your intelligence (+4).
   It affects your dexterity (+2).
   It affects your accuracy and damage with ranged weapons and melee attacks
   (+2).
   It provides partial protection from all sources of acid and corrosion.
   It has a curse placed upon it.
Jewellery
 l - an amulet of guardian spirit (around neck)
Scrolls
 d - 6 scrolls of teleportation {unknown}
 h - a scroll of identify
 j - 6 scrolls of remove curse
 m - a scroll of amnesia
 q - a scroll of vulnerability {unknown}
 v - a scroll of enchant armour
 w - 3 scrolls of enchant weapon
 y - a scroll of acquirement
Potions
 b - 4 potions of might
 e - a potion of flight {unknown}
 n - a potion of brilliance
 o - 2 potions of stabbing
 r - a potion of mutation
 s - a potion of lignification
 A - a potion of heal wounds {unknown}
Comestibles
 c - 11 rations


   Skills:
 + Level 4.3 Fighting
 + Level 4.4(6.0) Short Blades
 * Level 6.2(6.9) Long Blades
 + Level 0.6 Polearms
 + Level 4.3 Dodging
 - Level 2.6 Stealth
 * Level 4.6 Shields
 * Level 5.8 Spellcasting
 + Level 3.4 Conjurations
   Level 1.0 Summonings
 + Level 2.5 Translocations
 * Level 3.8 Air Magic
 * Level 4.5 Poison Magic


You had 11 spell levels left.
You knew the following spells:

 Your Spells              Type           Power        Failure   Level  Hunger
a - Magic Dart            Conj           ###.         1%          1    None
b - Blink                 Tloc           N/A          4%          2    None
c - Mephitic Cloud        Conj/Pois/Air  ####....     4%          3    #......
f - Conjure Flame         Conj/Fire      ###.....     11%         3    #......

Your spell library contained the following spells:

 Spells                   Type           Power        Failure   Level  Hunger
 Call Imp                 Summ           ##......     8%          2    None
 Slow                     Hex            #.......     12%         2    None


Dungeon Overview and Level Annotations

Branches:
Dungeon (7/15)             Temple (0/1) D:7          Bailey (1/1)

Altars:
Dithmenos
Fedhas
Gozag
Yredelemnul

Shops:
D:4 %   D:5 *(?   D:6 [   D:7 *


Innate Abilities, Weirdness & Mutations

You cannot wear most types of armour.
You are very stealthy in the water. (Stealth+)
((You are amphibious.))
You can wear up to eight rings at the same time.
((You can use your tentacles to constrict eight enemies at once.))
((Your skin changes colour to match your surroundings (Stealth+).))
((Your rubbery body absorbs attacks. (AC +1, EV +1)))


Message History

n - a potion of brilliance
* * * LOW HITPOINT WARNING * * *
You feel sick.
Blink to where?
Press: ? - help, Dir - move target cursor Floosh!
You are very lightly contaminated with residual magic.
As you read the scroll of blinking, it crumbles to dust.
* * * LOW HITPOINT WARNING * * *
You feel sick.
Really quaff the potion of lignification?
You turn into a tree.
Your +0 hat melds into your body.
Your roots penetrate the ground.
* * * LOW HITPOINT WARNING * * *
You feel sick.
It was a potion of berserk rage.
A red film seems to cover your vision as you go berserk!
You feel yourself moving faster!
You feel mighty!
You die...
Your body crumbles into a pile of gold.

#....# #..#.≈≈≈≈≈≈#
#....# #..#.≈≈≈≈≈≈#
#....# .##'#.≈≈≈≈≈≈#
#.._ ∩...#∩≈≈≈≈≈≈#
.##'#.≈≈≈≈≈≈# #...o#
#..#.≈≈≈≈≈≈# #....
#..#.≈≈≈≈≈≈# .#....
#))#.≈≈≈≈≈≈# .#..o.
#))#.♣≈≈≈≈≈# .....##
######≈≈≈≈≈# .8.8.'
#....#≈≈≈≈≈# .....#
#..).#≈≈≈≈≈#
####'#######K.#'#≈≈≈≈≈#
........g..'..#.#≈≈≈≈≈#
≈≈$≈≈≈$)$$$######≈≈≈≈≈#
≈≈≈≈≈≈≈≈≈≈≈≈≈≈≈≈≈≈≈≈≈≈#
≈≈≈≈≈≈≈≈≈≈≈≈≈≈≈≈≈≈≈≈≈≈#


There were no monsters in sight!

Vanquished Creatures
  2 kobold demonologists (Bailey)
  Edmund (D:5)
  A water moccasin (D:5)
  7 orc warriors
  A sky beast (D:5)
  An ice beast (D:6)
  A centaur (D:5)
  7 ogres
  A bullfrog (D:5)
  3 scorpions
  4 howler monkeys
  5 electric eels (Bailey)
  2 crimson imps
  3 hounds (D:4)
  5 orc priests
  2 bullfrog skeletons
  An iguana (D:4)
  5 orc wizards
  6 worker ants
  A hound skeleton (D:4)
  6 gnolls (Bailey)
  13 adders
  A shadow imp (D:6)
  2 oozes
  An adder skeleton (D:7)
  5 worms
  7 leopard geckos
  36 orcs
  6 bats
  5 giant cockroaches
  23 goblins
  16 hobgoblins
  3 jackals (D:1)
  A quokka (D:5)
  2 ball pythons (D:3)
  4 frilled lizards
  9 kobolds
  2 leopard gecko skeletons
  5 rats
206 creatures vanquished.

Notes
Turn   | Place    | Note
-------+----------+-------------------------------------------
     0 | D:1      | Esekla the Octopode Wizard began the quest for the Orb.
     0 | D:1      | Reached XP level 1. HP: 11/11 MP: 4/4
     2 | D:1      | Noticed a spriggan
     4 | D:1      | Noticed a halfling
     4 | D:1      | Noticed a naga
     6 | D:1      | Noticed a dwarf
     6 | D:1      | Noticed a formicid
     8 | D:1      | Noticed a vine stalker
    10 | D:1      | Noticed a gargoyle
    12 | D:1      | Noticed a troll
    12 | D:1      | Noticed a draconian
    14 | D:1      | Noticed a felid
    14 | D:1      | Noticed a merfolk
    16 | D:1      | Noticed a demonspawn
    16 | D:1      | Noticed a ghoul
    18 | D:1      | Noticed a centaur
    20 | D:1      | Noticed an octopode
    20 | D:1      | Noticed a human
    22 | D:1      | Noticed a vampire
    22 | D:1      | Noticed a minotaur
    24 | D:1      | Noticed a tengu
    24 | D:1      | Noticed an ogre
    26 | D:1      | Noticed a demigod
    26 | D:1      | Noticed an elf
   346 | D:1      | Reached XP level 2. HP: 11/17 MP: 3/6
   892 | D:1      | Reached XP level 3. HP: 22/22 MP: 8/8
   895 | D:1      | Reached skill level 1 in Fighting
   905 | D:1      | Learned a level 2 spell: Blink
   909 | D:1      | Learned a level 3 spell: Mephitic Cloud
   913 | D:1      | Learned a level 3 spell: Conjure Flame
  1650 | D:2      | Reached XP level 4. HP: 23/28 MP: 1/9
  2147 | D:3      | Reached skill level 1 in Short Blades
  2505 | D:3      | Reached skill level 1 in Shields
  2821 | D:3      | Reached XP level 5. HP: 34/34 MP: 8/11
  3611 | D:4      | Noticed an ogre
  3617 | D:4      | Noticed an ogre
  3618 | D:4      | Noticed an ogre
  3643 | D:3      | Killed an ogre
  3643 | D:3      | Reached XP level 6. HP: 39/39 MP: 4/12
  4177 | D:4      | Found an opulent altar of Gozag.
  4208 | D:4      | Reached XP level 7. HP: 34/45 MP: 1/13
  4321 | D:4      | Became a worshipper of Gozag Ym Sagoz the Greedy
  5012 | D:4      | Found a shadowy altar of Dithmenos.
  5145 | D:4      | Found Umonlolla's Food Boutique.
  5202 | D:4      | Reached XP level 8. HP: 32/52 MP: 9/15
  5214 | D:4      | Reached skill level 1 in Long Blades
  5214 | D:4      | Reached skill level 1 in Poison Magic
  5742 | D:5      | Entered Level 5 of the Dungeon
  5840 | D:5      | Reached skill level 1 in Air Magic
  6025 | D:4      | Reached skill level 5 in Spellcasting
  6368 | D:5      | Found Teibboz's Magic Scroll Boutique.
  6506 | D:5      | Reached skill level 2 in Long Blades
  6516 | D:5      | Found Barunwan's General Store.
  6762 | D:5      | Found a basalt altar of Yredelemnul.
  6800 | D:5      | Noticed Edmund
  6812 | D:5      | Killed Edmund
  6957 | D:5      | Bought a scroll of noise for 11 gold pieces
  6957 | D:5      | Bought a scroll of blinking for 82 gold pieces
  6957 | D:5      | Bought a scroll of enchant armour for 82 gold pieces
  6957 | D:5      | Bought a scroll of enchant weapon for 82 gold pieces
  7165 | D:5      | Got a translucent buckler
  7166 | D:5      | Identified the cursed +0 buckler of Lohutserch {rCorr Int+4
                  | Dex+2 Slay+2} (You found it on level 5 of the Dungeon)
  7229 | D:5      | Reached skill level 3 in Long Blades
  7229 | D:5      | Reached XP level 9. HP: 32/57 MP: 9/16
  7407 | D:5      | Found Uhomeupi's Antique Weapon Shoppe.
  8244 | D:6      | Reached skill level 4 in Long Blades
  8690 | D:6      | Found Ryngat's Antique Armour Shoppe.
  8821 | D:7      | Found Ytutorut's Assorted Antiques.
  8829 | D:7      | Bought a blue potion for 20 gold pieces
  8862 | D:7      | Found a flagged portal.
  8871 | D:7      | Found a blossoming altar of Fedhas.
  8882 | Bailey   | Entered a bailey
  9624 | Bailey   | Reached skill level 5 in Long Blades
 10187 | Bailey   | Found an iron altar of Okawaru.
 10187 | Bailey   | Noticed an orc knight
 10187 | Bailey   | Noticed a kobold demonologist
 10188 | Bailey   | Noticed a kobold demonologist
 10198 | Bailey   | Noticed an orange demon
 10795 | Bailey   | Killed a kobold demonologist
 10795 | Bailey   | Reached XP level 10. HP: 60/64 MP: 16/18
 10802 | Bailey   | Reached skill level 6 in Long Blades
 11271 | Bailey   | Noticed an orange demon
 11277 | Bailey   | Killed a kobold demonologist
 11285 | Bailey   | HP: 3/65 [poisoned by an orange demon]
 11286 | Bailey   | HP: 1/65 [poisoned by an orange demon]
 11288 | Bailey   | Succumbed to an orange demon's poison

Illustrated notes

Levels and vault maps discovered:
D:1:      kb_arrival_jail, layout_rooms, minmay_unequal
D:2:      layout_basic
D:3:      minmay_bubble_buster, layout_basic, first_ration
D:4:      layout_basic, old_standard_altar, lemuel_round_altar, serial_shops,
          nicolae_shop_trees, hangedman_minor_gate_pass
D:5:      minmay_inner_zag, layout_basic, kennysheep_mini_moat, serial_shops,
          shop, shop, shop, grunt_decor_resistance, uniq_edmund
D:6:      layout_rooms, serial_shops, shop_coins
D:7:      layout_basic, xom_teletrap_fun, kennysheep_mini,
          minmay_temple_entry_from_below_b, enter_bailey_2, serial_shops,
          shop_fountains
Bailey:   bailey_axe_of_yendor_kennysheep, bailey

Skill      XL: |  1  2  3  4  5  6  7  8  9 10 |
---------------+-------------------------------+-----
Fighting       | 1 2 3 4 |  4.3
Spellcasting   | 4 5 |  5.8
Short Blades   | 1 2 3 4 |  4.4
Shields        | 1 2 3 4 |  4.6
Conjurations   | 2 3 |  3.4
Dodging        | 3 4 |  4.3
Long Blades    | 3 5 6 |  6.2
Poison Magic   | 2 4 |  4.5
Air Magic      | 2 3 |  3.8
Translocations | 2 |  2.5
Polearms       | |  0.6
Stealth        | |  2.6
Summonings     | |  1.0

Action                   |  1- 3 |  4- 6 |  7- 9 | 10-12 || total
-------------------------+-------+-------+-------+-------++-------
Melee: Short sword       |    49 |   162 |   125 |       ||   336
       Constrict         |    14 |    37 |    88 |     9 ||   148
       Unarmed           |     1 |       |       |       ||     1
       Tentacles         |     7 |    21 |    96 |     8 ||   132
       Falchion          |       |       |   306 |    37 ||   343
       Trident           |       |       |       |    41 ||    41
Throw: Boomerang         |       |       |       |     1 ||     1
 Cast: Magic Dart        |    33 |    43 |    46 |     2 ||   124
       Mephitic Cloud    |       |     3 |     8 |     1 ||    12
       Blink             |       |     1 |     6 |       ||     7
       Conjure Flame     |       |       |     1 |       ||     1
  Use: Scroll            |       |       |    11 |     3 ||    14
       Potion            |       |       |     1 |     2 ||     3
 Stab: Sleeping          |     5 |     3 |     9 |       ||    17
       Confused          |       |     1 |     4 |     1 ||     6
       Distracted        |       |       |     2 |       ||     2
  Eat: Chunk             |     1 |     9 |       |       ||    10
       Ration            |       |       |     7 |       ||     7
Armor: Skin              |     3 |     7 |     8 |     1 ||    19
Dodge: Dodged            |    29 |    85 |   180 |    11 ||   305
Block: Buckler           |     4 |    18 |    61 |     3 ||    86
       Rpst.: Falchion   |       |       |    37 |     4 ||    41

Table legend:
 A = Non-vault XP
 B = Vault XP
 C = Vault XP percentage of total XP
 D = Non-vault monster count
 E = Vault monster count
 F = Vault count percentage of total count
                 A         B        C        D         E       F
            +---------+---------+-------+---------+---------+-------
      Total |    3215 |    2208 |  40.7 |     144 |      62 |  30.1
            +---------+---------+-------+---------+---------+-------
        D:1 |      26 |      13 |  33.3 |      16 |       5 |  23.8
        D:2 |      47 |       0 |   0.0 |      16 |       0 |   0.0
        D:3 |     371 |      47 |  11.2 |      40 |      14 |  25.9
        D:4 |     769 |      82 |   9.6 |      24 |       4 |  14.3
        D:5 |     914 |     306 |  25.1 |      23 |       3 |  11.5
        D:6 |     875 |       0 |   0.0 |      19 |       0 |   0.0
        D:7 |     213 |       0 |   0.0 |       6 |       0 |   0.0
     Bailey |       0 |    1760 | 100.0 |       0 |      36 | 100.0
            +---------+---------+-------+---------+---------+-------
